 Dungeon Crawl Stone Soup version 0.18.1-6-gd335043 (webtiles) character file.

143052 Scarto the Demonic Disaster (level 16, -1/134 HPs)
             Began as a Demonspawn Fighter on May 20, 2016.
             Was a Believer of Qazlal.
             Slain by a water elemental (4 damage)
             ... on level 3 of the Shoals.
             The game lasted 01:23:37 (32076 turns).

Scarto the Demonic Disaster (Demonspawn Fighter)   Turns: 32076, Time: 01:23:37

Health: -1/134     AC: 39    Str: 21    XL:     16   Next: 81%
Magic:  27/27      EV:  7    Int: 10    God:    Qazlal [**....]
Gold:   1877       SH: 18    Dex: 15    Spells: 0 memorised, 15 levels left

rFire  . . .     SeeInvis .     r - +8 war axe (chop)
rCold  + + .     Gourm    .     f - +10 plate armour {ponderous}
rNeg   + . .     Faith    .     t - +2 shield
rPois  .         Spirit   .     (no helmet)
rElec  .         Dismiss  .     x - +2 cloak
rCorr  .         Reflect  .     (no gloves)
SustAt .         Harm     .     (no boots)
MR     +....                    M - amulet "Fur Novu" {+Rage rC+ rN+ Str-2 Slay+2}
Stlth  ..........               (no ring)
                                Q - +2 ring of protection

@: slowed, studying Bows, very slow, somewhat resistant to hostile enchantments,
extremely unstealthy
A: hooves 2, iridescent scales 3, agile 1, cold resistance 1, foul stench 1,
augmentation 1, rot immunity
a: Upheaval, Renounce Religion, Evoke Berserk Rage


You were on level 3 of the Shoals.
You worshipped Qazlal.
Qazlal was pleased with you.
You were full.

You visited 4 branches of the dungeon, and saw 28 of its levels.
You also visited: Labyrinth.

You collected 2681 gold pieces.
You spent 804 gold pieces at shops.

Inventory:

Hand Weapons
 b - a +3 flail of protection
 r - a +8 war axe of chopping (weapon)
Missiles
 a - 4 silver tomahawks (quivered)
 D - 17 tomahawks
 I - 2 exploding tomahawks
Armour
 f - a +10 plate armour of ponderousness (worn)
 t - a +2 shield (worn)
 x - a +2 cloak (worn)
 J - a +3 plate armour of fire resistance
 R - the +0 scale mail "Wittuh" {*Drain rC- rN+ Dex+10}
   (You found it in a labyrinth)

   It affects your dexterity (+10).
   It makes you vulnerable to cold.
   It protects you from negative energy.
   It causes draining when unequipped.
 S - a +3 plate armour of poison resistance
Jewellery
 h - a +2 ring of evasion
 y - an uncursed ring of protection from cold
 A - an uncursed ring of protection from fire
 C - an uncursed ring of poison resistance
 M - the amulet "Fur Novu" (around neck) {+Rage rC+ rN+ Str-2 Slay+2}
   (You found it in a labyrinth)

   [amulet of rage]

   It affects your strength (-2).
   It affects your accuracy and damage with ranged weapons and melee attacks
   (+2).
   It protects you from cold.
   It protects you from negative energy.
   It lets you go berserk.
 P - a +5 amulet of reflection
 Q - a +2 ring of protection (left hand)
Wands
 z - a wand of teleportation (4/9)
Scrolls
 e - 8 scrolls of magic mapping
 j - 3 scrolls of fog
 n - 2 scrolls of amnesia
 o - 3 scrolls of recharging
 p - 22 scrolls of remove curse
 s - 2 scrolls of holy word
 u - 3 scrolls of immolation
 v - 7 scrolls of teleportation
 O - 4 scrolls of identify
Potions
 c - a potion of berserk rage
 i - 2 potions of invisibility
 k - 10 potions of flight
 q - a potion of might
 w - 5 potions of brilliance
 B - 2 potions of curing
 G - 2 potions of agility
 H - a potion of haste
 L - 3 potions of lignification
Books
 d - a Necronomicon

   Spells                             Type                      Level
   a - Haunt                          Necromancy/Summoning         7
   b - Borgnjor's Revivification      Necromancy                   8
   c - Death's Door                   Charms/Necromancy            8
   d - Necromutation                  Transmutation/Necromancy     8
 N - a manual of Bows
Comestibles
 l - 11 meat rations
 m - 17 fruits
 E - a royal jelly


   Skills:
 + Level 14.4 Fighting
 + Level 13.0 Axes
 + Level 13.2 Armour
 + Level 13.4 Shields
 + Level 15.2 Invocations


You had 15 spell levels left.
You didn't know any spells.

Dungeon Overview and Level Annotations

Branches:
Dungeon (15/15)            Temple (0/1) D:5            Lair (8/8) D:9
 Shoals (3/4) Lair:4       Spider (0/4) Lair:4        Slime (0/6) Lair:6
    Orc (2/2) D:11            Elf (0/3) Orc:2        Vaults (0/5) D:13
 Depths (0/5) D:15

Altars:
Ashenzari
Elyvilon
Fedhas
Gozag
Kikubaaqudgha
Nemelex Xobeh
Okawaru
Pakellas
Qazlal
Ru
Trog
Xom

Shops:
D:8 ?   D:11 %   Orc:2 ?(*!%


Innate Abilities, Weirdness & Mutations

You have hoof-like feet.
You are completely covered in iridescent scales (AC +8).
Your flesh is cold resistant.
You may emit foul miasma when damaged in melee.
Your magical and physical power is slightly enhanced at high health.
You are immune to rotting.
You are agile. (Dex +2)


Message History

Read which item? (? for menu, Esc to quit)
You cannot read scrolls while unable to breathe!
With effort, you pull free of the water engulfing you.
You gasp with relief as air once again reaches your lungs.
The water elemental hits you.
The water elemental engulfs you in water!
The merfolk closely misses you. The water elemental hits you.
The merfolk hits you from afar with a trident.
* * * LOW HITPOINT WARNING * * *
You block the water elemental's attack. The water elemental barely misses you.
The merfolk hits you from afar with a trident!
* * * LOW HITPOINT WARNING * * *
The water elemental completely misses you.
The merfolk barely misses you.
With effort, you pull free of the water engulfing you.
You gasp with relief as air once again reaches your lungs.
The merfolk closely misses you. The water elemental hits you.
* * * LOW HITPOINT WARNING * * *
The water elemental hits you.
You die...

c≈≈≈≈≈≈≈≈≈....###
≈≈≈≈
≈≈≈≈≈≈≈≈≈≈≈..≈.≈≈
≈≈≈≈
≈≈≈≈≈≈≈≈≈(≈≈≈≈≈.≈
≈≈≈≈
?..≈≈≈≈.(≈≈≈≈≈≈≈≈
≈≈≈≈
##.).#)....≈≈≈≈≈
≈≈≈. ###
##(....≈≈.≈ ≈≈..
#((≈≈≈≈... ≈<#
#####()≈≈≈.... .#
###..@Em.≈≈≈≈.##
.# #.).≈≈≈†≈≈≈≈..#
.#
#.≈≈≈≈≈§≈≈≈(....#
##
...≈≈≈≈≈≈≈≈≈≈.≈≈..
.###
≈≈≈≈≈≈≈≈≈≈≈≈≈≈≈(..
....
≈≈≈≈≈≈≈≈≈≈≈≈≈≈>..≈
≈≈≈≈
≈≈≈≈≈≈≈≈≈≈≈≈≈≈.≈.
≈≈≈≈
≈≈≈≈≈≈≈≈≈≈≈≈≈≈≈≈≈
≈≈≈.
≈≈≈≈≈≈≈≈≈≈≈≈≈≈≈≈≈


You could see a merfolk and a water elemental.

Vanquished Creatures
  A kraken (Shoals:1)
  Azrael (Orc:2)
  Nessos (Lair:7)
  2 vault guards (D:13)
  A minotaur (Lab)
  6 merfolk impalers
  A fire dragon (Lair:8)
  A yaktaur captain (D:15)
  13 hydras
  3 merfolk avatars (Shoals:1)
  2 centaur warriors
  An ogre mage (D:15)
  Erica (D:11)
  A satyr (Shoals:2)
  A merfolk aquamancer (Shoals:2)
  A queen ant (Lair:6)
  19 death yaks
  3 orc high priests (Orc:2)
  The ghost of M4edhros the Spear-Bearer, a novice MiBe of Trog (D:13)
  2 unseen horrors
  5 sea snakes
  7 hill giants
  Pikel (D:7)
  4 harpies
  7 orc sorcerers (Orc:2)
  A wizard (D:13)
  3 necromancers (D:13)
  5 cyclopes
  2 wolf spiders (Lair:8)
  10 ugly things
  A hornet (Lair:8)
  13 griffons
  9 slime creatures
  2 deep elf magi
  10 fauns
  A wolf spider zombie (D:15)
  6 orc knights (Orc:2)
  A guardian serpent (Lair:8)
  6 black mambas
  5 water nymphs
  6 manticores
  3 sirens
  5 gargoyles
  12 spiny frogs
  4 rime drakes
  11 komodo dragons
  A kobold demonologist (D:11)
  A yaktaur (D:15)
  3 tengu conjurers (D:15)
  The ghost of eragonby the Destroyer, a novice DECj (D:5)
  7 trolls
  23 merfolk
  2 polar bears
  9 blink frogs
  A hornet zombie (D:14)
  11 snapping turtles
  3 shadows
  A tarantella (shapeshifter) (D:14)
  3 wraiths
  19 humans
  3 vampires
  3 water elementals
  40 yaks
  4 wyverns (Lair:8)
  A basilisk (shapeshifter) (D:15)
  10 basilisks
  9 hippogriffs
  3 steam dragons
  7 hungry ghosts
  6 vampire mosquitoes
  5 mottled dragons
  A warg (Orc:1)
  22 soldier ants
  3 hell hounds (Orc:2)
  19 water moccasins
  10 porcupines
  3 ice beasts
  24 orc warriors
  3 black bears
  2 swamp drakes (Lair:8)
  An eye of draining (D:11)
  5 sky beasts
  2 phantoms
  4 slaves (D:7)
  2 necrophages (D:11)
  14 ogres
  9 centaurs
  4 wasps (Lair:8)
  4 wolves (Lair:8)
  26 crocodiles
  2 big kobolds
  14 giant frogs
  A water moccasin skeleton (D:4)
  6 scorpions
  19 killer bees
  15 wights
  3 electric eels
  9 howler monkeys
  10 crimson imps
  5 hounds
  8 jellies
  A wasp zombie (D:8)
  A giant frog zombie (D:6)
  4 centaur zombies
  15 orc priests
  4 centaur skeletons
  3 giant frog skeletons
  20 orc wizards
  7 iguanas
  A worker ant (shapeshifter) (D:13)
  34 worker ants
  Terence (D:3)
  A killer bee zombie (D:11)
  28 sheep
  A hound skeleton (D:7)
  3 gnolls (D:9)
  19 adders
  65 river rats
  7 shadow imps
  An ooze (D:2)
  An adder skeleton (D:8)
  An adder zombie (D:6)
  4 worms
  2 dart slugs
  8 giant geckos
  71 orcs
  3 giant cockroaches
  10 goblins
  6 hobgoblins
  23 jackals
  13 kobolds
  3 quokkas
  A ball python (D:3)
  10 bats
  5 giant newts
  A quokka skeleton (D:4)
  2 rats
  30 fungi
  45 plants
  A tentacle (Shoals:1)
1084 creatures vanquished.

Vanquished Creatures (collateral kills)
  Nergalle (D:12)
  A centaur skeleton (D:11)
  A wight (D:12)
  A hound (D:11)
  An adder (Lair:8)
  A kobold (D:11)
6 creatures vanquished.

Vanquished Creatures (others)
  A basilisk (Lair:8)
  A fire elemental (Orc:2)
  A wasp (D:5)
  2 orc priests (Orc:2)
  28 fungi
  50 plants
  11 tentacles (Shoals:1)
  217 tentacle segments (Shoals:1)
311 creatures vanquished.

Grand Total: 1401 creatures vanquished

Notes
Turn   | Place    | Note
--------------------------------------------------------------
     0 | D:1      | Scarto the Demonspawn Fighter began the quest for the Orb.
     0 | D:1      | Reached XP level 1. HP: 18/18 MP: 1/1
   116 | D:1      | Gained mutation: You are immune to rotting. [demonic ancestry]
   116 | D:1      | Reached XP level 2. HP: 18/24 MP: 2/2
   537 | D:1      | Found a shattered altar of Ashenzari.
   862 | D:2      | Found a stormy altar of Qazlal.
   862 | D:2      | Noticed a fire elemental
   863 | D:2      | Noticed a water elemental
   864 | D:2      | Noticed an earth elemental
   864 | D:2      | Noticed an air elemental
   869 | D:2      | Became a worshipper of Qazlal Stormbringer
   917 | D:2      | Gained mutation: You have large cloven feet. [demonic ancestry]
   917 | D:2      | Reached XP level 3. HP: 29/29 MP: 3/3
  1368 | D:2      | Found an opulent altar of Gozag.
  1674 | D:2      | Noticed a scorpion
  1681 | D:2      | Killed a scorpion
  1681 | D:2      | Reached XP level 4. HP: 37/37 MP: 4/4
  1941 | D:3      | Gained mutation: Your flesh is cold resistant. [demonic ancestry]
  1941 | D:3      | Reached XP level 5. HP: 29/42 MP: 5/5
  1958 | D:3      | Reached * piety under Qazlal
  2283 | D:3      | Noticed Terence
  2296 | D:3      | Killed Terence
  2442 | D:3      | You fall through a shaft!
  2442 | D:4      | Found an ancient bone altar of Kikubaaqudgha.
  2887 | D:4      | Reached XP level 6. HP: 40/49 MP: 6/6
  2952 | D:4      | Found a sparkling altar of Nemelex Xobeh.
  3297 | D:4      | Reached skill level 5 in Fighting
  3297 | D:4      | Reached XP level 7. HP: 39/56 MP: 7/7
  3375 | D:5      | Entered Level 5 of the Dungeon
  3497 | D:5      | Noticed eragonby's ghost (novice DECj)
  3506 | D:5      | Killed eragonby's ghost
  3506 | D:5      | Gained mutation: You may emit foul miasma when damaged in melee. [demonic ancestry]
  3506 | D:5      | Reached XP level 8. HP: 48/64 MP: 8/8
  3510 | D:5      | Gained mutation: You are dopey. (Int -2) [potion of mutation]
  3510 | D:5      | Gained mutation: You are agile. (Dex +2) [potion of mutation]
  3510 | D:5      | Gained mutation: Your body sometimes deteriorates upon taking damage. [potion of mutation]
  3523 | D:5      | Reached skill level 5 in Armour
  3567 | D:5      | Reached ** piety under Qazlal
  3567 | D:5      | Reached skill level 5 in Shields
  3676 | D:5      | Found an oddly glowing altar of Pakellas.
  3676 | D:5      | Noticed an orange crystal statue
  3786 | D:5      | Found a staircase to the Ecumenical Temple.
  4066 | D:6      | Reached skill level 5 in Axes
  4505 | D:6      | Found a sacrificial altar of Ru.
  4728 | D:7      | Reached XP level 9. HP: 71/71 MP: 9/9
  4865 | D:7      | Noticed Pikel
  4883 | D:7      | Killed Pikel
  5285 | D:7      | Reached *** piety under Qazlal
  5437 | D:8      | Noticed a troll
  5487 | D:8      | Found an iron altar of Okawaru.
  5502 | D:8      | Found a shattered altar of Ashenzari.
  5598 | D:8      | Killed a troll
  6144 | D:8      | Found Nuacaut's Magic Scroll Boutique.
  6177 | D:8      | Bought a scroll of identify for 26 gold pieces
  6177 | D:8      | Bought 2 scrolls of immolation for 91 gold pieces
  6177 | D:8      | Bought a scroll of identify for 26 gold pieces
  6177 | D:8      | Bought a scroll of identify for 26 gold pieces
  6177 | D:8      | Bought a scroll of teleportation for 39 gold pieces
  6589 | D:9      | Gained mutation: You are partially covered in iridescent scales (AC +4). [demonic ancestry]
  6589 | D:9      | Reached XP level 10. HP: 72/80 MP: 10/10
  6679 | D:9      | Reached **** piety under Qazlal
  6723 | D:9      | Found a staircase to the Lair.
  6761 | D:9      | Reached skill level 1 in Invocations
  6987 | D:9      | Reached skill level 2 in Invocations
  7026 | D:9      | Found a white marble altar of Elyvilon.
  7026 | D:9      | Found a blossoming altar of Fedhas.
  7094 | D:9      | Reached ***** piety under Qazlal
  7097 | D:9      | Found a blossoming altar of Fedhas.
  7271 | D:9      | Found a bloodstained altar of Trog.
  7369 | D:10     | Entered Level 10 of the Dungeon
  7393 | D:10     | Noticed a gargoyle
  7399 | D:10     | Killed a gargoyle
  7399 | D:10     | Reached skill level 3 in Invocations
  7400 | D:10     | Noticed a hill giant
  7406 | D:10     | Gained mutation: You are mostly covered in iridescent scales (AC +6). [demonic ancestry]
  7406 | D:10     | Reached XP level 11. HP: 72/89 MP: 1/13
  7411 | D:10     | Killed a hill giant
  7491 | D:10     | Noticed a hill giant
  7773 | D:10     | Killed a hill giant
  7773 | D:10     | Reached skill level 4 in Invocations
  7989 | D:10     | Gained mutation: Your muscles are strong. (Str +2) [mutagenic meat]
  7991 | D:10     | Gained mutation: You are frail (-10% HP). [mutagenic meat]
  8308 | D:11     | Noticed a brown ugly thing
  8316 | D:11     | Killed a brown ugly thing
  8362 | D:11     | Lost mutation: You are dopey. (Int -2) [mutagenic meat]
  8466 | D:11     | Reached skill level 5 in Invocations
  8680 | D:11     | Killed an unseen horror
  8733 | D:11     | Reached skill level 10 in Fighting
  8733 | D:11     | Reached skill level 6 in Invocations
  9056 | D:11     | Found a staircase to the Orcish Mines.
  9177 | D:11     | Found Sufuut's Food Shop.
  9232 | D:12     | Noticed a red ugly thing
  9246 | D:12     | Noticed Nergalle
  9248 | D:12     | Killed a red ugly thing
  9258 | D:12     | HP: 2/81 [Nergalle/bolt of negative energy (31)]
  9733 | D:12     | Killed Nergalle
  9980 | D:12     | Reached XP level 12. HP: 83/87 MP: 16/16
 10898 | D:13     | Noticed M4edhros's ghost (novice MiBe)
 10913 | D:13     | Killed M4edhros's ghost
 10913 | D:13     | Reached skill level 7 in Invocations
 11490 | D:13     | Found a shimmering altar of Xom.
 11491 | D:13     | Found a shimmering altar of Xom.
 11491 | D:13     | Found a shimmering altar of Xom.
 11491 | D:13     | Found a shimmering altar of Xom.
 11493 | D:13     | Found a shimmering altar of Xom.
 11493 | D:13     | Found a shimmering altar of Xom.
 11530 | D:13     | You fall through a shaft for 2 floors!
 11530 | D:15     | Entered Level 15 of the Dungeon
 11559 | D:15     | Noticed an ogre mage
 11563 | D:15     | Killed an ogre mage
 11745 | D:13     | Reached skill level 8 in Invocations
 12046 | D:13     | Noticed a vault guard
 12049 | D:13     | Killed a vault guard
 12049 | D:13     | Reached skill level 10 in Shields
 12053 | D:13     | Noticed a vault guard
 12074 | D:13     | Killed a vault guard
 12074 | D:13     | Reached skill level 10 in Armour
 12091 | D:13     | Reached skill level 9 in Invocations
 12211 | D:13     | Gained mutation: You have hoof-like feet. [demonic ancestry]
 12211 | D:13     | Reached XP level 13. HP: 24/95 MP: 19/19
 12570 | D:13     | Found a gate to the Vaults.
 12713 | D:13     | Gained mutation: Your spells are a little harder to cast, but a little more powerful. [mutagenic meat]
 13561 | D:14     | Reached skill level 10 in Axes
 13613 | D:14     | Gained mutation: You have supernaturally acute eyesight. [mutagenic meat]
 13614 | D:14     | Gained mutation: You are very agile. (Dex +4) [mutagenic meat]
 13616 | D:14     | Lost mutation: Your muscles are strong. (Str +2) [mutagenic meat]
 13617 | D:14     | Gained mutation: Your mind is acute. (Int +2) [mutagenic meat]
 13797 | D:14     | Paralysed by a vampire for 7 turns
 14064 | D:14     | Reached skill level 10 in Invocations
 14138 | D:14     | Gained mutation: You are completely covered in iridescent scales (AC +8). [mutagenic meat]
 14140 | D:14     | Gained mutation: Your spells are harder to cast, but more powerful. [mutagenic meat]
 14141 | D:14     | Lost mutation: Your spells are harder to cast, but more powerful. [mutagenic meat]
 14143 | D:14     | Lost mutation: You are frail (-10% HP). [mutagenic meat]
 14144 | D:14     | Lost mutation: Your body sometimes deteriorates upon taking damage. [mutagenic meat]
 15471 | D:15     | Found a staircase to the Depths.
 15589 | D:15     | Reached skill level 11 in Invocations
 16160 | Lair:1   | Entered Level 1 of the Lair of Beasts
 16176 | Lair:1   | Reached XP level 14. HP: 80/115 MP: 22/22
 17554 | Lair:3   | Found a labyrinth entrance.
 17606 | Lab      | Entered a labyrinth
 17751 | Lab      | Got a heavily runed amethyst amulet
 17752 | Lab      | Got a pitted scale mail
 17757 | Lair:3   | Identified the +0 scale mail "Wittuh" {*Drain rC- rN+ Dex+10} (You found it in a labyrinth)
 17800 | Lair:3   | Identified the amulet "Fur Novu" {+Rage rC+ rN+ Str-2 Slay+2} (You found it in a labyrinth)
 18091 | Lair:3   | Lost mutation: You have supernaturally acute eyesight. [potion of cure mutation]
 18091 | Lair:3   | Lost mutation: Your spells are a little harder to cast, but a little more powerful. [potion of cure mutation]
 18091 | Lair:3   | Lost mutation: Your mind is acute. (Int +2) [potion of cure mutation]
 18091 | Lair:3   | Lost mutation: You are completely covered in iridescent scales (AC +8). [potion of cure mutation]
 18091 | Lair:3   | Lost mutation: You are very agile. (Dex +4) [potion of cure mutation]
 18298 | Lair:3   | Reached skill level 12 in Invocations
 19093 | Lair:4   | Found a staircase to the Shoals.
 19115 | Lair:4   | Found a hole to the Spider Nest.
 21051 | Lair:6   | Found a staircase to the Slime Pits.
 21142 | Lair:6   | Gained mutation: You are completely covered in iridescent scales (AC +8). [demonic ancestry]
 21142 | Lair:6   | Reached XP level 15. HP: 94/123 MP: 24/24
 21921 | Lair:7   | Reached skill level 13 in Invocations
 22394 | Lair:7   | Noticed Nessos
 22401 | Lair:7   | Killed Nessos
 22985 | Lair:8   | Entered Level 8 of the Lair of Beasts
 23241 | Lair:8   | Found a stormy altar of Qazlal.
 25792 | Orc:1    | Entered Level 1 of the Orcish Mines
 25792 | Orc:1    | Noticed Erica
 25820 | D:11     | Killed Erica
 26460 | Orc:2    | Entered Level 2 of the Orcish Mines
 26487 | Orc:2    | Reached skill level 14 in Invocations
 26728 | Orc:2    | Found Puulivvi's Weapon Boutique.
 26740 | Orc:2    | Paralysed by an orc sorcerer for 3 turns
 27111 | Orc:2    | Found Coagyotaet's Magic Scroll Shoppe.
 27182 | Orc:2    | Found Ymulukko's General Store.
 27183 | Orc:2    | Found Oderph's Food Shoppe.
 27183 | Orc:2    | Found Momoh's Distillery.
 27214 | Orc:2    | Bought a potion of heal wounds for 75 gold pieces
 27214 | Orc:2    | Bought 2 potions of heal wounds for 150 gold pieces
 27214 | Orc:2    | Bought a potion of haste for 150 gold pieces
 27214 | Orc:2    | Bought a potion of curing for 45 gold pieces
 27254 | Orc:2    | Bought a scroll of identify for 32 gold pieces
 27254 | Orc:2    | Bought a scroll of identify for 32 gold pieces
 27254 | Orc:2    | Bought a scroll of identify for 32 gold pieces
 27254 | Orc:2    | Bought a scroll of teleportation for 48 gold pieces
 27254 | Orc:2    | Bought a scroll of identify for 32 gold pieces
 27407 | Orc:2    | Paralysed by an orc sorcerer for 4 turns
 27475 | Orc:2    | Found a staircase to the Elven Halls.
 27497 | Orc:2    | Noticed Azrael
 27501 | Orc:2    | Gained mutation: Your magical and physical power is slightly enhanced at high health. [demonic ancestry]
 27501 | Orc:2    | Reached XP level 16. HP: 71/132 MP: 13/26
 27505 | Orc:2    | Killed Azrael
 27894 | Shoals:1 | Entered Level 1 of the Shoals
 27989 | Shoals:1 | Noticed a kraken
 28009 | Shoals:1 | Killed a kraken
 31023 | Shoals:2 | Found a runed door.
 31056 | Shoals:2 | Reached skill level 15 in Invocations
 32075 | Shoals:3 | HP: 4/134 [merfolk/trident (7)]
 32076 | Shoals:3 | Slain by a water elemental

Skill      XL: |  1  2  3  4  5  6  7  8  9 10 11 12 13 14 15 16 |
---------------+-------------------------------------------------+-----
Axes           | 2 3 4 5 6 7 9 10 11 12 13 | 13.0
Shields        | 3 4 5 7 8 9 10 11 12 13 | 13.4
Armour         | 3 4 5 7 8 9 10 11 12 13 | 13.2
Fighting       | 4 5 6 8 9 10 11 12 13 14 | 14.4
Invocations    | 3 6 9 11 12 14 15 | 15.2

Action                   |  1- 3 |  4- 6 |  7- 9 | 10-12 | 13-15 | 16-18 || total
-------------------------+-------+-------+-------+-------+-------+-------++-------
Melee: War axe           |   160 |   130 |   207 |   680 |  1347 |   411 ||  2935
       Kick              |    18 |    35 |    66 |   219 |   554 |   136 ||  1028
       Flail             |       |       |       |       |   136 |       ||   136
Throw: Tomahawk          |       |       |       |       |     2 |    29 ||    31
Invok: Upheaval          |       |       |       |    23 |    57 |    15 ||    95
       Elemental Force   |       |       |       |     5 |     1 |       ||     6
  Use: Scroll            |     8 |     6 |    11 |    10 |    28 |     2 ||    65
       Potion            |       |       |     7 |     9 |     7 |     7 ||    30
  Eat: Bread ration      |     1 |     1 |       |     5 |     7 |       ||    14
       Beef jerky        |       |     1 |     3 |       |     1 |       ||     5
       Chunk             |       |       |     2 |     7 |    19 |       ||    28
       Fruit             |       |       |     5 |       |     3 |     9 ||    17
       Meat ration       |       |       |       |       |     4 |     2 ||     6
       Pizza             |       |       |       |       |     1 |     1 ||     2
       Royal jelly       |       |       |       |       |     1 |       ||     1
Armor: Scale mail        |    16 |       |       |       |       |       ||    16
       Plate armour      |   146 |    60 |   102 |   273 |   677 |   364 ||  1622
       Skin              |       |       |       |    13 |       |       ||    13
Dodge: Dodged            |    24 |    21 |    49 |    94 |   218 |   116 ||   522
       Deflected         |       |       |       |     3 |     2 |       ||     5
Block: Shield            |   101 |    77 |   179 |   505 |  1234 |   470 ||  2566
